 Dungeon Crawl Stone Soup version 0.30-a0-591-g3c58d2bc28 (webtiles) character file.

Game seed: 8841139779806731363

13954 Decipherer the Basher (level 11, -3/101 HPs)
             Began as a Minotaur Berserker on Jan 5, 2023.
             Was a High Priest of Trog.
             Slain by a manticore (4 damage)
             ... while petrified by a basilisk
             ... on level 12 of the Dungeon.
             The game lasted 00:16:04 (11066 turns).

Decipherer the Basher (Minotaur Berserker)         Turns: 11066, Time: 00:16:04

Health: -3/101     AC: 20    Str: 24    XL:     11   Next: 82%
Magic:  10/10      EV:  2    Int:  4    God:    Trog [*****.]
Gold:   843        SH:  0    Dex: 12    Spells: 10/10 levels left

rFire   + + .      SeeInvis .    R - +3 dire flail (freeze)
rCold   x . .      Faith    .    (shield currently unavailable)
rNeg    + + +      Spirit   .    c - +0 fire dragon scales
rPois   ∞          Reflect  +    x - +2 hat
rElec   .          Harm     .    (no cloak)
rCorr   .          Rampage  .    A - +0 pair of gloves
Will    .....                    n - +0 pair of boots Stlth
                                 I - amulet of reflection
HPRegen 0.36/turn                s - +4 ring of protection
MPRegen 0.12/turn                H - ring of flight

@: petrified, on berserk cooldown, flying, slowed
A: horns 2, retaliatory headbutt
a: Renounce Religion, Berserk, Trog's Hand, Brothers in Arms


You were on level 12 of the Dungeon.
You worshipped Trog.
Trog was extremely pleased with you.
You visited 1 branch of the dungeon, and saw 12 of its levels.
You also visited: Ossuary.

You collected 843 gold pieces.

Inventory:

Hand Weapons
 R - a +3 dire flail of freezing (weapon)
Missiles
 b - 8 javelins
 k - 13 poisoned darts (quivered)
 m - 3 boomerangs
 N - 14 boomerangs of dispersal
 O - 2 curare-tipped darts
 Q - 8 atropa-tipped darts
Armour
 c - +0 fire dragon scales (worn)
 n - a +0 pair of boots (worn)
 x - a +2 hat (worn)
 A - a +0 pair of gloves (worn)
Jewellery
 s - a +4 ring of protection (left hand)
 H - a ring of flight (right hand)
 I - an amulet of reflection (around neck)
Wands
 a - a wand of mindburst (7)
 z - a wand of flame (18)
 D - a wand of paralysis (19)
 K - a wand of light (8)
 M - a wand of polymorph (10)
Scrolls
 d - 4 scrolls of immolation
 f - 3 scrolls of vulnerability
 g - 4 scrolls of poison
 h - 2 scrolls of summoning
 j - 2 scrolls of fog
 l - 11 scrolls of teleportation
 o - 2 scrolls of blinking
 q - 5 scrolls of magic mapping
 B - 2 scrolls of fear
 C - a scroll of identify
Potions
 e - 2 potions of resistance
 t - 4 potions of lignification
 v - 5 potions of flight
 w - 2 potions of curing
 J - a potion of ambrosia
Miscellaneous
 r - a piece from Xom's chessboard (15/15)


   Skills:
 + Level 10.7 Fighting
 + Level 14.4 Maces & Flails
 + Level 6.9 Throwing
 + Level 8.9 Armour
 + Level 7.2 Dodging
 + Level 2.8 Stealth
 + Level 3.7 Shields
 + Level 0.5 Evocations


You had 10 spell levels left.
You didn't know any spells.
Your spell library contained the following spells:

 Spells                   Type           Power      Damage    Failure   Level
 Beastly Appendage        Tmut           0%         N/A       82%         1
 Sandblast                Erth           0%         2d4       82%         1
 Slow                     Hex            0%         N/A       82%         1
 Summon Small Mammal      Summ           0%         N/A       82%         1
 Ensorcelled Hibernation  Hex/Ice        0%         N/A       91%         2
 Passwall                 Tmut/Erth      0%         N/A       91%         2
 Wereblood                Tmut           0%         N/A       91%         2
 Call Canine Familiar     Summ           0%         N/A       99%         3
 Confusing Touch          Hex            0%         N/A       99%         3
 Kindle Blastsparks       Fire/Tloc/Air  0%         2d10      99%         3
 Spider Form              Tmut/Pois      0%         N/A       99%         3
 Stone Arrow              Conj/Erth      0%         3d7       99%         3
 Summon Guardian Golem    Hex/Summ       0%         N/A       99%         3
 Tukima's Dance           Hex            0%         N/A       99%         3
 Vampiric Draining        Necr           0%         2d6       99%         3
 Anguish                  Hex/Necr       0%         N/A       100%        4
 Fulminant Prism          Conj/Hex       0%         3d5       100%        4
 Iskenderun's Mystic Bla  Conj/Tloc      0%         2d3       100%        4
 Passage of Golubria      Tloc           0%         N/A       100%        4
 Lee's Rapid Deconstruct  Erth           0%         3d4*      100%        5
 Yara's Violent Unravell  Hex/Tmut       0%         3d3       100%        5


Dungeon Overview and Level Annotations

Branches:
Dungeon (12/15)            Temple (0/1) D:7            Lair (0/5) D:11
    Orc (0/2) D:10        Ossuary (visited)

Altars:
Cheibriados
Elyvilon
Hepliaklqana
Nemelex Xobeh
Okawaru
Qazlal
Sif Muna
Uskayaw
Xom
Zin

Shops:
D:2 :


Innate Abilities, Weirdness & Mutations

You have a pair of horns on your head.
You reflexively headbutt those who attack you in melee.


Message History

The manticore claws you but does no damage. x2
The efreet hits you with a +3 scimitar of flaming.
The freezing wraith hits you but does no damage. x2
The manticore bites you but does no damage.
The manticore completely misses you.
The manticore claws you but does no damage.
The basilisk bites you but does no damage.
The manticore bites you.
The manticore claws you but does no damage. x2
The manticore bites you but does no damage.
The manticore claws you but does no damage.
The manticore claws you.
The efreet hits you with a +3 scimitar of flaming.
The freezing wraith hits you! The freezing wraith freezes you!!
You feel a terrible chill!
* * * LOW HITPOINT WARNING * * *
The freezing wraith barely misses you. The basilisk gazes at you.
The manticore bites you but does no damage.
The manticore claws you but does no damage.
The manticore claws you. The manticore bites you!
* * * LOW HITPOINT WARNING * * *
The manticore claws you but does no damage.
The manticore claws you.
* * * LOW HITPOINT WARNING * * *
The efreet hits you with a +3 scimitar of flaming!
* * * LOW HITPOINT WARNING * * *
The efreet burns you. The freezing wraith hits you!
* * * LOW HITPOINT WARNING * * *
The freezing wraith freezes you!!
You feel a terrible chill!
* * * LOW HITPOINT WARNING * * *
The freezing wraith hits you but does no damage.
The basilisk bites you but does no damage.
The manticore bites you!
* * * LOW HITPOINT WARNING * * *
The manticore claws you but does no damage.
The manticore claws you.
* * * LOW HITPOINT WARNING * * *
The manticore bites you!
You die...

...
#####.##### #
..#...#.. #
#.#.#...#.#.#
#...........#
#..###.###..#
#.^.#.R.#...#
#.#<@H#.#
#...#WlH#...#
#..###.###..#
#...........#
#.#.#...#.#.#
# ..#...#.. #
#####.#####
..#


You could see 2 manticores, a freezing wraith, an efreet and a basilisk.

Vanquished Creatures
  A fire dragon (D:11)
  A boulder beetle (D:11)
  3 two-headed ogres
  Nergalle (D:11)
  An orc knight (D:11)
  A manticore (D:11)
  Joseph (D:7)
  A kobold demonologist (D:9)
  A freezing wraith (D:11)
  A meliai (D:12)
  A hornet (D:9)
  2 trolls
  Prince Ribbit (D:7)
  2 shadows
  13 yaks
  Menkaure (Ossuary)
  3 steam dragons
  An acid dragon (D:11)
  A water moccasin (D:7)
  10 orc warriors
  2 black bears
  5 ogres
  2 wolves (D:11)
  5 centaurs
  6 kobold brigands
  2 bullfrogs (D:6)
  2 necrophages
  A scorpion (D:5)
  3 wights (D:8)
  3 electric eels (D:11)
  2 howler monkeys
  4 hounds
  5 orc priests
  2 gnoll boudas
  3 jellies (D:6)
  6 iguanas
  9 orc wizards
  3 mummies (Ossuary)
  8 gnolls
  6 adders
  A white imp (D:8)
  An ufetubus (D:5)
  2 worms (D:2)
  3 dart slugs
  44 orcs
  10 bats
  3 endoplasms
  11 giant cockroaches
  5 goblins
  5 hobgoblins
  2 jackals (D:4)
  24 kobolds
  5 quokkas
  6 ball pythons
  2 frilled lizards (D:1)
  4 gnoll skeletons (Ossuary)
  2 gnoll zombies (Ossuary)
  4 goblin skeletons (Ossuary)
  3 goblin zombies (Ossuary)
  3 hobgoblin skeletons (Ossuary)
  4 hobgoblin zombies (Ossuary)
  4 kobold skeletons (Ossuary)
  7 kobold zombies (Ossuary)
  8 orc skeletons (Ossuary)
  6 orc zombies (Ossuary)
  6 rats
  2 rat skeletons (Ossuary)
  3 rat zombies (Ossuary)
306 creatures vanquished.

Vanquished Creatures (collateral kills)
  A troll (D:11)
  3 yaks (D:11)
  2 hounds (D:11)
6 creatures vanquished.

Grand Total: 312 creatures vanquished

Notes
Turn   | Place    | Note
-------+----------+-------------------------------------------
     0 | D:1      | Decipherer the Minotaur Berserker began the quest for the
                  | Orb.
     0 | D:1      | Reached XP level 1. HP: 19/19 MP: 0/0
   121 | D:1      | Reached XP level 2. HP: 22/27 MP: 1/1
   193 | D:1      | Reached skill level 4 in Maces & Flails
   414 | D:1      | Reached ** piety under Trog
   418 | D:1      | Reached XP level 3. HP: 30/33 MP: 2/2
  1492 | D:2      | Found Ynwacup's Book Emporium.
  1830 | D:3      | Identified the +1 ring mail of Inevitability {rPois rCorr
                  | Int+4 Stlth-}
  2292 | D:4      | Reached XP level 4. HP: 38/39 MP: 3/3
  2321 | D:4      | Noticed a black bear
  2330 | D:4      | Killed a black bear
  2331 | D:4      | Reached skill level 5 in Fighting
  2331 | D:4      | Reached skill level 5 in Maces & Flails
  2331 | D:4      | Reached XP level 5. HP: 48/48 MP: 4/4
  2388 | D:4      | Reached skill level 6 in Maces & Flails
  2509 | D:4      | Reached XP level 6. HP: 54/56 MP: 5/5
  2781 | D:5      | Entered Level 5 of the Dungeon
  2910 | D:5      | Reached skill level 7 in Maces & Flails
  2954 | D:5      | Reached skill level 5 in Armour
  2954 | D:5      | Reached XP level 7. HP: 61/61 MP: 6/6
  3030 | D:5      | Reached *** piety under Trog
  3095 | D:5      | Found a sand-covered staircase.
  3101 | Ossuary  | Entered an ossuary
  3259 | Ossuary  | Reached skill level 8 in Maces & Flails
  3306 | Ossuary  | Reached **** piety under Trog
  3419 | Ossuary  | Noticed Menkaure
  3433 | Ossuary  | Killed Menkaure
  3510 | D:5      | Reached XP level 8. HP: 66/70 MP: 7/7
  3568 | D:5      | Reached skill level 9 in Maces & Flails
  4324 | D:6      | Reached ***** piety under Trog
  4551 | D:6      | Reached skill level 10 in Maces & Flails
  4551 | D:6      | Reached skill level 1 in Stealth
  4616 | D:6      | Found a hazy altar of Hepliaklqana.
  4621 | D:6      | Found a hide-covered altar of Uskayaw.
  4622 | D:6      | Found a white marble altar of Elyvilon.
  4622 | D:6      | Found a shimmering altar of Xom.
  4623 | D:6      | Found a stormy altar of Qazlal.
  4624 | D:6      | Found a snail-covered altar of Cheibriados.
  4626 | D:6      | Found a sparkling altar of Nemelex Xobeh.
  5067 | D:7      | Found a shimmering blue altar of Sif Muna.
  5067 | D:7      | Found an iron altar of Okawaru.
  5315 | D:7      | Noticed Prince Ribbit
  5320 | D:7      | Killed Prince Ribbit
  5321 | D:7      | Reached XP level 9. HP: 79/79 MP: 8/8
  5419 | D:7      | Reached skill level 11 in Maces & Flails
  5748 | D:7      | Found a staircase to the Ecumenical Temple.
  5905 | D:7      | Noticed Joseph
  5924 | D:7      | Killed Joseph
  6392 | D:7      | Found a glowing silver altar of Zin.
  6875 | D:8      | Identified the +5 ring mail of Histrionic Knowledge {rElec
                  | rN+ Int+2 Slay-5}
  7216 | D:8      | Reached skill level 5 in Dodging
  8231 | D:9      | Reached skill level 12 in Maces & Flails
  8379 | D:9      | Noticed a kobold demonologist
  8386 | D:9      | Killed a kobold demonologist
  8387 | D:9      | Reached skill level 1 in Shields
  8387 | D:9      | Reached XP level 10. HP: 89/90 MP: 9/9
  8531 | D:9      | Noticed a two-headed ogre
  8538 | D:9      | Killed a two-headed ogre
  8911 | D:10     | Entered Level 10 of the Dungeon
  9140 | D:10     | Noticed a two-headed ogre
  9146 | D:10     | Killed a two-headed ogre
  9147 | D:10     | Reached skill level 13 in Maces & Flails
  9147 | D:10     | Reached skill level 1 in Throwing
  9459 | D:10     | Found a staircase to the Orcish Mines.
  9782 | D:11     | Noticed a two-headed ogre
  9788 | D:11     | Killed a two-headed ogre
  9834 | D:11     | Reached XP level 11. HP: 55/99 MP: 10/10
  9874 | D:11     | Noticed Nergalle
  9895 | D:11     | Killed Nergalle
 10152 | D:11     | HP: 3/99 [troll (6)]
 10158 | D:11     | Reached skill level 10 in Fighting
 10158 | D:11     | Reached skill level 5 in Throwing
 10288 | D:11     | Found a staircase to the Lair.
 10377 | D:11     | Noticed an orc knight
 10396 | D:11     | Killed an orc knight
 10403 | D:11     | Received a gift from Trog
 10615 | D:11     | Reached skill level 14 in Maces & Flails
 10757 | D:11     | Noticed a boulder beetle
 10771 | D:11     | Killed a boulder beetle
 10874 | D:12     | Noticed a fire dragon
 11033 | D:11     | Killed a fire dragon
 11066 | D:12     | HP: 3/101 [manticore (5)]
 11066 | D:12     | HP: 1/101 [manticore (2)]
 11066 | D:12     | Slain by a manticore

Illustrated notes

Levels and vault maps discovered:
D:1:      elethiomel_arrival_fortress_basement, layout_basic
D:2:      minmay_roachtagon, layout_basic, serial_shops, shop
D:3:      layout_basic
D:4:      layout_basic, minmay_close_crescents
D:5:      layout_loops_ring, enter_ossuary_2, nicolae_figureground_pulse
D:6:      layout_basic, minitemple
D:7:      layout_layer_cave, lemuel_coloured_pillars_altar,
          nicolae_overflow_two_pavilions, minmay_temple_entry_gardened_gates,
          uniq_joseph, uniq_prince_ribbit1
D:8:      layout_layer_cave, corner_web_ring
D:9:      layout_roguey, kennysheep_generic_room_5
D:10:     layout_roguey, orc_0_dummy
D:11:     layout_roguey [special_room_orc], erik_lair_island, uniq_nergalle
D:12:     minmay_ambush_box, layout_long_grid

Skill      XL: |  1  2  3  4  5  6  7  8  9 10 11 |
---------------+----------------------------------+-----
Fighting       | 4 5 6 7 8 9 10 | 10.7
Maces & Flails | 4 5 6 7 8 10 12 13 14 | 14.4
Armour         | 3 5 6 7 8 |  8.9
Dodging        | 3 4 5 6 7 |  7.2
Stealth        | 1 2 |  2.8
Shields        | 1 2 3 |  3.7
Throwing       | 3 6 |  6.9
Evocations     | |  0.5

Action                   |  1- 3 |  4- 6 |  7- 9 | 10-12 || total
-------------------------+-------+-------+-------+-------++-------
Melee: Mace              |    98 |    76 |   379 |    20 ||   573
       Headbutt          |     8 |    12 |    98 |    54 ||   172
       Punch             |     1 |     1 |       |       ||     2
       Dire flail        |       |       |       |   190 ||   190
Throw: Dart              |       |       |       |   107 ||   107
       Javelin           |       |       |       |     1 ||     1
Invok: Berserk           |     1 |     3 |     3 |     9 ||    16
       Brothers in Arms  |       |       |       |     1 ||     1
Evoke: Wand              |       |       |       |     3 ||     3
  Use: Potion            |       |       |     7 |     9 ||    16
       Scroll            |       |       |    14 |     5 ||    19
Armor: Animal skin       |     6 |       |       |       ||     6
       Ring mail         |     4 |     7 |   216 |    82 ||   309
       Plate armour      |    45 |    54 |       |       ||    99
       Fire dragon scale |       |       |       |    47 ||    47
Dodge: Dodged            |    67 |    35 |   214 |   102 ||   418
Block: Orb               |       |       |    17 |     4 ||    21
       Reflection        |       |       |     1 |     1 ||     2
       Other             |       |       |       |    36 ||    36

Table legend: (Time is in decaauts)
 A = Elapsed time spent in this place.
 B = Non-inter-level travel time spent in this place.
 C = Inter-level travel time spent in this place.
 D = Time resting spent in this place.
 E = Time spent auto-exploring this place.
 F = Levels seen in this place.
 G = Mean time per level.
                   A        B        C        D        E       F      G
               +--------+--------+--------+--------+--------+-----+--------+
         Total |  11110 |  10839 |    271 |      0 |   8789 |  13 |  854.6 |
       Dungeon |  10704 |  10433 |    271 |      0 |   8577 |  12 |  892.0 |
       Ossuary |    406 |    406 |      0 |      0 |    212 |   1 |  406.0 |
               +--------+--------+--------+--------+--------+-----+--------+

Top non-repeatable levels by time:
     D:7: 1712 daAuts
    D:11: 1285 daAuts
     D:8: 1118 daAuts
     D:9: 1035 daAuts
     D:6: 978 daAuts
     D:1: 924 daAuts
     D:5: 907 daAuts
    D:10: 815 daAuts
     D:2: 716 daAuts
     D:3: 634 daAuts
     D:4: 551 daAuts
 Ossuary: 406 daAuts
    D:12: 22 daAuts
